 Dungeon Crawl Stone Soup version 0.23.0-3-gf3c87f2 (webtiles) character file.

Game seed: 17352747304548459898

677 Borgoz the Ducker (level 7, -2/56 (57) HPs)
             Began as a Ghoul Monk on Feb 23, 2019.
             Slain by an adder (4 damage)
             ... on level 4 of the Dungeon.
             The game lasted 00:10:18 (3746 turns).

Borgoz the Ducker (Ghoul Monk)                      Turns: 3746, Time: 00:10:19

HP:   -2/56 (57)    AC:  4    Str: 15    XL:     7   Next: 60%
MP:   7/7           EV: 14    Int:  5    God:
Gold: 204           SH:  0    Dex: 13    Spells: 6/6 levels left

rFire    + . .     SeeInvis .   j - +1 dagger
rCold    + + .     Gourm    .   (no shield)
rNeg     + + +     Faith    .   b - +0 robe
rPois    ∞         Spirit   .   q - +0 hat
rElec    +         Reflect  .   e - +1 cloak
rCorr    +         Harm     .   (no gloves)
MR       +....                  (no boots)
Stlth    ++++......             (no amulet)
HPRegen  0.00/turn              d - ring of stealth
MPRegen  0.10/turn              i - ring of protection from magic

@: resistant, rotting
A: rotting body, claws 1, carnivore, cold resistance 1, negative energy
resistance 3, inhibited regeneration, torment resistance, unbreathing
a: no special abilities


You were on level 4 of the Dungeon.
You were not hungry.

You visited 1 branch of the dungeon, and saw 4 of its levels.

You collected 204 gold pieces.

Inventory:

Hand Weapons
 j - a +1 dagger (weapon)
Armour
 b - a +0 robe (worn)
 e - a +1 cloak (worn)
 q - a +0 hat (worn)
Jewellery
 d - a ring of stealth (left claw)
 i - a ring of protection from magic (right claw)
Wands
 l - a wand of paralysis (3)
Scrolls
 s - a scroll of amnesia
 t - a scroll of remove curse
Potions
 h - a potion of resistance
 r - a potion of cancellation
Comestibles
 c - 5 rations


   Skills:
 - Level 3.2 Fighting
 * Level 5.2 Short Blades
 * Level 5.2 Dodging
 + Level 4.1 Stealth
 + Level 2.1 Evocations


You had 6 spell levels left.
You didn't know any spells.
Your spell library was empty.

Dungeon Overview and Level Annotations

Branches:
Dungeon (4/15)
 Temple: D:4-7

Altars:

Annotations:
D:3 2 transporters, Killmatronix's ghost, amateur BaWn


Innate Abilities, Weirdness & Mutations

Your body is rotting away.
You thrive on raw meat.
You are immune to poison.
You have sharp fingernails.
You are carnivorous and can eat meat at any time.
Your flesh is cold resistant. (rC+)
You are immune to negative energy. (rN+++)
You do not regenerate when monsters are visible.
You are immune to unholy pain and torment.
You can survive without breathing.


Message History

The worker ant bites you.
* * * LOW HITPOINT WARNING * * *
You hit the worker ant.
You kill the worker ant!
You miss the adder. The adder misses you.
You hit the adder.
The adder is lightly wounded.
The adder misses you.
You hit the adder.
The adder is heavily wounded.
The adder bites you.
* * * LOW HITPOINT WARNING * * *
You barely miss the adder.
The adder is heavily wounded.
The adder bites you.
* * * LOW HITPOINT WARNING * * *
You completely miss the adder.
The adder is heavily wounded.
The adder bites you.
You die...

.... .... # .#.
..#.....#
....#.#..##
......#...#
....#.#.#.# .#
........#@# ...
........#S###...
#..........#
#.##....[..# .#
#...[...# #.#
#.<.....##..#
###.........#
#..........[#
#.....##..#.###


You could see an adder.

Vanquished Creatures
  Grinder (D:3)
  2 howler monkeys (D:3)
  A hound (D:3)
  An orc wizard (D:3)
  Jessica (D:3)
  Terence (D:3)
  2 worker ants
  8 adders
  3 oozes
  7 worms
  4 dart slugs
  A leopard gecko (D:3)
  8 orcs
  11 bats
  5 giant cockroaches
  15 goblins
  20 hobgoblins
  12 jackals (D:1)
  11 kobolds
  2 quokkas
  3 ball pythons
  6 frilled lizards
  8 rats
133 creatures vanquished.

Notes
Turn   | Place    | Note
-------+----------+-------------------------------------------
     0 | D:1      | Borgoz the Ghoul Monk began the quest for the Orb.
     0 | D:1      | Reached XP level 1. HP: 19/19 MP: 0/0
   134 | D:1      | Reached XP level 2. HP: 22/26 MP: 1/1
   426 | D:1      | Reached XP level 3. HP: 18/31 MP: 2/2
  1236 | D:2      | Reached XP level 4. HP: 24/38 MP: 3/3
  1251 | D:3      | Found a faded altar of an unknown god.
  2051 | D:2      | Reached XP level 5. HP: 40/45 MP: 4/4
  2278 | D:3      | Noticed Terence
  2296 | D:3      | Killed Terence
  2342 | D:3      | Noticed Killmatronix's ghost (amateur BaWn)
  2409 | D:3      | Found a transporter.
  2498 | D:3      | Noticed Grinder
  2508 | D:3      | Killed Grinder
  2508 | D:3      | Reached skill level 1 in Evocations
  2508 | D:3      | Reached XP level 6. HP: 45/51 MP: 4/6
  2544 | D:3      | Found a transporter.
  2674 | D:3      | Reached XP level 7. HP: 57/57 MP: 7/7
  2746 | D:3      | Noticed Jessica
  2754 | D:3      | Killed Jessica
  2933 | D:3      | Reached skill level 5 in Dodging
  3403 | D:3      | Reached skill level 5 in Short Blades
  3745 | D:4      | HP: 2/56 [adder (2)]
  3746 | D:4      | Slain by an adder

Skill      XL: |  1  2  3  4  5  6  7 |
---------------+----------------------+-----
Dodging        | 3 4 5 |  5.2
Short Blades   | 3 4 5 |  5.2
Stealth        | 3 4 |  4.1
Evocations     | 1 2 |  2.1
Fighting       | |  3.2

Action                   |  1- 3 |  4- 6 |  7- 9 || total
-------------------------+-------+-------+-------++-------
Melee: Short sword       |    68 |       |       ||    68
       Dagger            |   126 |   295 |   268 ||   689
Evoke: Wand              |       |     3 |       ||     3
  Use: Potion            |     4 |       |     6 ||    10
       Scroll            |     2 |       |     7 ||     9
 Stab: Sleeping          |     8 |    10 |     1 ||    19
       Paralysed         |       |     4 |       ||     4
       Distracted        |       |     2 |       ||     2
  Eat: Chunk             |    19 |    35 |    16 ||    70
Armor: Robe              |    30 |    65 |    41 ||   136
Dodge: Dodged            |   123 |   154 |   145 ||   422
